 Dungeon Crawl Stone Soup version 0.30-a0-1176-gcdfb0321a8 (webtiles) character file.

Game seed: 1405304740021811399

997 Querens the Thaumaturge (level 7, -1/36 HPs)
             Began as a Deep Elf Conjurer on Apr 30, 2023.
             Shot with an arrow by a centaur (14 damage)
             ... on level 6 of the Dungeon.
             The game lasted 00:17:13 (3235 turns).

Querens the Thaumaturge (Deep Elf Conjurer)         Turns: 3235, Time: 00:17:13

Health: -1/36      AC:  6    Str:  4    XL:     7   Next: 99%
Magic:  9/21       EV: 12    Int: 25    God:
Gold:   273        SH:  0    Dex: 13    Spells: 13/24 levels left

rFire   . . .        w - +0 dagger (venom)
rCold   . . .        (no shield)
rNeg    + . .        q - +2 robe {rN+}
rPois   +            (no helmet)
rElec   .            (no cloak)
rCorr   .            A - +0 pair of gloves
SInv    .            n - +0 pair of boots
Will    .....        (no amulet)
Stlth   ++           i - ring of poison resistance
HPRegen 0.26/turn    (no ring)
MPRegen 0.17/turn

%: no passive effects
@: no status effects
A: no striking features
a: no special abilities


You were on level 6 of the Dungeon.
You visited 1 branch of the dungeon, and saw 6 of its levels.

You collected 273 gold pieces.

Inventory:

Hand Weapons
 w - a +0 dagger of venom (weapon)
 B - a +0 falchion of holy wrath
Armour
 j - a +1 ring mail of cold resistance
 n - a +0 pair of boots (worn)
 q - a +2 robe of positive energy (worn)
 r - a +3 leather armour
 A - a +0 pair of gloves (worn)
 D - the +3 scale mail of Cycinad {Harm Rampage rF+++ rC-}
   (You found it on level 6 of the Dungeon)

   rF:        It renders you almost immune to fire.
   rC:        It makes you vulnerable to cold.
   Harm:      It increases damage dealt and taken.
   Rampage:   It bestows one free step when moving towards enemies.
Jewellery
 h - an amulet of faith
 i - a ring of poison resistance (left hand)
 C - a ring of fire
Wands
 u - a wand of charming (9)
 E - a wand of flame (11)
Scrolls
 e - a scroll of immolation
 l - a scroll of fog {unknown}
 p - 2 scrolls of blinking
 s - 3 scrolls of identify {unknown}
 v - 2 scrolls of fear {unknown}
 y - 2 scrolls of amnesia {unknown}
 z - a scroll of vulnerability {unknown}
Potions
 a - a potion of degeneration {unknown}
 b - a potion of magic
 c - a potion of haste {unknown}
 d - a potion of curing
 f - 2 potions of invisibility {unknown}
 g - 2 potions of heal wounds {unknown}
 k - a potion of ambrosia {unknown}
 m - 2 potions of resistance {unknown}
 o - a potion of attraction {unknown}
 t - a potion of mutation {unknown}
 x - 2 potions of brilliance {unknown}


   Skills:
 - Level 2.4 Dodging
 - Level 2.4 Stealth
 + Level 9.0 Spellcasting
 + Level 8.4 Conjurations


You had 13 spell levels left.
You knew the following spells:

 Your Spells              Type           Power      Damage    Failure   Level
a - Magic Dart            Conj           100%       1d8       1%          1
b - Searing Ray           Conj           100%       2d8       1%          2
c - Iskenderun's Mystic   Conj/Tloc      32%        2d8       10%         4
d - Fulminant Prism       Conj/Hex       16%        3d11      10%         4

Your spell library contained the following spells:

 Spells                   Type           Power      Damage    Failure   Level
 Foxfire                  Conj/Fire      100%       2x1d9     1%          1
 Dazzling Flash           Conj/Hex       64%        N/A       2%          3
 Necrotise                Necr           44%        1d6       5%          1
 Summon Guardian Golem    Hex/Summ       11%        N/A       16%         3
 Vampiric Draining        Necr           11%        2d6       16%         3
 Fireball                 Conj/Fire      16%        3d8       26%         5
 Starburst                Conj/Fire      16%        6d6       82%         6
 Orb of Destruction       Conj           26%        9d9       82%         7
 Agony                    Necr           11%        N/A       83%         5
 Plasma Beam              Fire/Air       5%         2x1d17    100%        6
 Spellforged Servitor     Conj/Summ      16%        N/A       100%        7


Dungeon Overview and Level Annotations

Branches:
Dungeon (6/15)
 Temple: D:4-7

Altars:

Annotations:
D:6 Dowan, Duvessa


Message History

The searing ray misses the phantom. (Press . to maintain the ray.) Unknown command.
The searing ray misses the phantom.
The searing ray misses the phantom.
The searing ray hits the phantom!
The phantom is moderately damaged.
You finish channelling your searing ray.
The phantom hits you.
The phantom blinks!
You blink.
Casting: Searing Ray (safe; 1% risk of failure)
Confirm with . or Enter, or press ? or * to list all spells.
The spell is quite dangerous to miscast (10% risk of failure)!
Continue anyway?
You erupt in a blast of force!
The mystic blast hits the phantom.
The phantom is heavily damaged.
The phantom is knocked back by the mystic blast.
Unknown command.
Unknown command.
Casting: Iskenderun's Mystic Blast (quite dangerous; 10% risk of failure)
Confirm with . or Enter, or press ? or * to list all spells.
Aiming: Searing Ray (safe; 1% risk of failure)
Press: ? - help, Shift-Dir - straight line, f/p - phantom
Aim: a phantom (heavily damaged, 76% to hit)
The searing ray hits the phantom.
The phantom is severely damaged. (Press . to maintain the ray.) Unknown command.
The searing ray hits the phantom!
You destroy the phantom!
Your Spellcasting skill increases to level 9!
A centaur comes into view.
The centaur shouts!
The centaur wields a +0 shortbow.
The centaur shoots an arrow.
The arrow hits you.
The centaur shoots an arrow.
The arrow closely misses you.
The centaur shoots an arrow.
The arrow hits you.
The centaur shoots an arrow.
The arrow hits you.
The centaur shoots an arrow.
The arrow closely misses you.
The centaur shoots an arrow.
The arrow hits you!
The centaur shoots an arrow.
The arrow hits you!
You die...

#################
#.....#.........####
#...........##......
#.......###.#.....##
#.....### #.##...##
#..@..# ########
###..## ......
#.#c#### #.#.. # ###


You could see a centaur.

Vanquished Creatures
  Prince Ribbit (D:5)
  2 phantoms
  A scorpion (D:4)
  A wight (D:6)
  A jelly (D:5)
  4 hounds
  2 orc priests (D:3)
  Jessica (D:3)
  Natasha (thrice) (D:3)
  An iguana (D:4)
  7 gnolls (D:2)
  5 adders
  A white imp (D:5)
  A worm (D:4)
  2 dart slugs
  7 orcs
  5 ball pythons
  8 endoplasms
  8 giant cockroaches
  9 goblins
  4 hobgoblins
  5 kobolds
  4 quokkas
  2 bats (D:1)
  2 frilled lizards (D:2)
  9 rats
96 creatures vanquished.

Vanquished Creatures (others)
  3 plants (D:6)
3 creatures vanquished.

Grand Total: 99 creatures vanquished

Notes
Turn   | Place    | Note
-------+----------+-------------------------------------------
     0 | D:1      | Querens the Deep Elf Conjurer began the quest for the Orb.
     0 | D:1      | Reached XP level 1. HP: 10/10 MP: 6/6
   192 | D:1      | Reached XP level 2. HP: 15/15 MP: 2/8
   369 | D:1      | Learned a level 2 spell: Searing Ray
   427 | D:1      | Reached skill level 4 in Spellcasting
   475 | D:1      | Reached XP level 3. HP: 19/19 MP: 6/10
   491 | D:1      | Reached skill level 5 in Conjurations
   756 | D:2      | Reached XP level 4. HP: 24/24 MP: 0/12
   901 | D:2      | Found a faded altar of an unknown god.
   949 | D:2      | Reached skill level 5 in Spellcasting
  1042 | D:2      | Learned a level 4 spell: Iskenderun's Mystic Blast
  1047 | D:2      | Learned a level 4 spell: Fulminant Prism
  1176 | D:2      | Reached XP level 5. HP: 14/28 MP: 0/14
  1307 | D:3      | HP: 1/28 [orc priest/divine providence (15)]
  1488 | D:3      | Noticed Natasha
  1496 | D:3      | Killed Natasha
  1541 | D:3      | Noticed Natasha
  1546 | D:3      | Killed Natasha
  1639 | D:3      | Noticed Jessica
  1644 | D:3      | Killed Jessica
  1645 | D:3      | Reached skill level 6 in Spellcasting
  1741 | D:3      | Reached XP level 6. HP: 8/32 MP: 6/17
  1796 | D:3      | Noticed Natasha
  1802 | D:3      | Killed Natasha
  2127 | D:4      | Reached skill level 7 in Spellcasting
  2241 | D:4      | Reached XP level 7. HP: 36/36 MP: 13/20
  2447 | D:5      | Entered Level 5 of the Dungeon
  2488 | D:5      | Noticed Prince Ribbit
  2503 | D:5      | Killed Prince Ribbit
  2504 | D:5      | Reached skill level 8 in Spellcasting
  3048 | D:5      | Noticed a rust devil
  3048 | D:5      | Noticed a rust devil
  3064 | D:6      | Identified the +3 scale mail of Cycinad {Harm Rampage rF+++
                  | rC-}
  3139 | D:6      | Noticed Duvessa
  3144 | D:6      | Noticed Dowan
  3221 | D:6      | Reached skill level 9 in Spellcasting
  3235 | D:6      | Shot with an arrow by a centaur

Illustrated notes

Levels and vault maps discovered:
D:1:      dpeg_arrival_long_road, layout_loops_corners, corexii_hall_statues_l
D:2:      layout_loops_cross, ebering_ecumenical_altar_webs
D:3:      layout_loops_corners, uniq_jessica, uniq_natasha
D:4:      layout_cave_pools, kennysheep_generic_room_14
D:5:      cheibrodos_iron_armory, layout_basic, moated_statue,
          uniq_prince_ribbit1
D:6:      layout_loops_corners, minmay_temple_entry_gardened_gates,
          portal_sewer_entry_b, minmay_misc_feat_rows, uniq_sigmund,
          uniq_crazy_yiuf_cottage, uniq_duvessa

Skill      XL: |  1  2  3  4  5  6  7 |
---------------+----------------------+-----
Spellcasting   | 4 5 6 7 9 |  9.0
Conjurations   | 5 6 7 8 |  8.4
Dodging        | |  2.4
Stealth        | |  2.4

Action                     |  1- 3 |  4- 6 |  7- 9 || total
---------------------------+-------+-------+-------++-------
  Melee: Unarmed           |    26 |       |       ||    26
         Short sword       |       |    22 |       ||    22
         Punch             |       |     1 |     1 ||     2
         Dagger            |       |       |     4 ||     4
   Cast: Magic Dart        |    48 |    18 |     6 ||    72
         Searing Ray       |     2 |    27 |    13 ||    42
         Iskenderun's Myst |       |       |     3 ||     3
  Evoke: Wand              |       |       |     1 ||     1
    Use: Scroll            |       |     2 |     1 ||     3
         Potion            |       |     1 |       ||     1
   Stab: Sleeping          |       |     1 |       ||     1
 Armour: Robe              |    13 |    11 |     3 ||    27
  Dodge: Dodged            |    29 |    34 |    14 ||    77

Table legend: (Time is in decaauts)
 A = Elapsed time spent in this place.
 B = Non-inter-level travel time spent in this place.
 C = Inter-level travel time spent in this place.
 D = Time resting spent in this place.
 E = Time spent auto-exploring this place.
 F = Levels seen in this place.
 G = Mean time per level.
                   A        B        C        D        E       F      G
               +--------+--------+--------+--------+--------+-----+--------+
         Total |   3251 |   3001 |    250 |    103 |      0 |   6 |  541.8 |
       Dungeon |   3251 |   3001 |    250 |    103 |      0 |   6 |  541.8 |
               +--------+--------+--------+--------+--------+-----+--------+

Top non-repeatable levels by time:
     D:3: 759 daAuts
     D:1: 728 daAuts
     D:2: 633 daAuts
     D:5: 613 daAuts
     D:4: 342 daAuts
     D:6: 175 daAuts
